 Dungeon Crawl Stone Soup version 0.30.1-4-g462c640d31 (webtiles) character file.

Game seed: 3752025478286292263

2760 kingsuperguy the Basher (level 9, -4/78 HPs)
             Began as a Hill Orc Fighter on Aug 28, 2023.
             Was an Initiate of Beogh.
             Slain by an ogre
             ... wielding a +0 giant spiked club
              (28 damage)
             ... on level 9 of the Dungeon.
             The game lasted 00:17:03 (7286 turns).

kingsuperguy the Basher (Hill Orc Fighter)          Turns: 7286, Time: 00:17:04

Health: -4/78      AC: 15    Str: 23    XL:     9   Next: 69%
Magic:  9/9        EV:  7    Int:  8    God:    Beogh [......]
Gold:   465        SH:  5    Dex: 16    Spells: 8/8 levels left

rFire   . . .        y - +5 flail (holy)
rCold   . . .        c - +0 buckler
rNeg    . . .        F - +0 plate armour
rPois   .            H - +0 helmet
rElec   .            (no cloak)
rCorr   .            (no gloves)
SInv    .            l - +0 pair of boots
Will    +....        (no amulet) Stlth
                     t - +6 ring of dexterity
HPRegen 0.33/turn    L - ring of willpower
MPRegen 0.11/turn

%: no passive effects
@: lethally poisoned (-4 -> -6)
A: no striking features
a: Renounce Religion


You were on level 9 of the Dungeon.
You worshipped Beogh.
Beogh was noncommittal.
You visited 2 branches of the dungeon, and saw 11 of its levels.

You collected 465 gold pieces.

Inventory:

Hand Weapons
 a - a +0 war axe
 y - a +5 flail of holy wrath (weapon)
Missiles
 I - 4 curare-tipped darts (quivered)
Armour
 b - a +0 scale mail
 c - a +0 buckler (worn)
 l - a +0 pair of boots (worn)
 v - a +0 chain mail
 F - a +0 plate armour (worn)
 H - a +0 helmet (worn)
Jewellery
 n - a ring of resist corrosion
 t - a +6 ring of dexterity (left hand)
 A - a ring of fire
 L - a ring of willpower (right hand)
 M - an amulet of regeneration
Wands
 u - a wand of iceblast (23)
 E - a wand of charming (12)
 G - a wand of flame (33)
 N - a wand of quicksilver (7)
Scrolls
 e - 2 scrolls of torment {unknown}
 g - 6 scrolls of identify {unknown}
 i - 5 scrolls of fear {unknown}
 j - 3 scrolls of teleportation {unknown}
 k - 3 scrolls of immolation {unknown}
 m - a scroll of magic mapping {unknown}
 q - a scroll of enchant armour {unknown}
 r - a scroll of noise {unknown}
 s - 3 scrolls of amnesia {unknown}
 x - 3 scrolls of poison {unknown}
 C - a scroll of fog {unknown}
Potions
 d - a potion of might
 f - 4 potions of heal wounds {unknown}
 h - 3 potions of attraction {unknown}
 o - a potion of cancellation {unknown}
 p - 4 potions of haste {unknown}
 w - 4 potions of brilliance {unknown}
 z - 3 potions of degeneration {unknown}
 B - 4 potions of curing {unknown}
 D - a potion of invisibility {unknown}
 J - a potion of lignification {unknown}
 K - 3 potions of mutation {unknown}
 O - a potion of flight {unknown}


   Skills:
 + Level 6.4 Fighting
 - Level 7.3(10.3) Axes
 * Level 9.5(10.3) Maces & Flails
 + Level 6.2 Armour
 + Level 1.5 Dodging
 + Level 0.4 Stealth
 + Level 5.4 Shields
 + Level 0.1 Evocations


You had 8 spell levels left.
You didn't know any spells.
Your spell library contained the following spells:

 Spells                   Type           Power      Damage    Failure   Level
 Freeze                   Ice            0%         1d3       100%        1
 Sandblast                Erth           0%         2d4       100%        1
 Sting                    Tmut/Pois      0%         1d3       100%        1
 Ensorcelled Hibernation  Hex/Ice        0%         N/A       100%        2
 Passwall                 Tmut/Erth      0%         N/A       100%        2
 Poisonous Vapours        Pois/Air       0%         N/A       100%        2
 Sublimation of Blood     Necr           0%         N/A       100%        2
 Wereblood                Tmut           0%         N/A       100%        2
 Call Canine Familiar     Summ           0%         N/A       100%        3
 Frozen Ramparts          Ice            0%         1d1       100%        3
 Hailstorm                Conj/Ice       0%         3d3       100%        3
 Portal Projectile        Hex/Tloc       0%         N/A       100%        3
 Stone Arrow              Conj/Erth      0%         3d7       100%        3
 Swiftness                Air            0%         N/A       100%        3
 Leda's Liquefaction      Hex/Erth       0%         N/A       100%        4
 Olgreb's Toxic Radiance  Pois           0%         N/A       100%        4
 Passage of Golubria      Tloc           0%         N/A       100%        4
 Silence                  Hex/Air        0%         N/A       100%        5
 Summon Hydra             Summ           0%         N/A       100%        7
 Lehudib's Crystal Spear  Conj/Erth      0%         10d2      100%        8


Dungeon Overview and Level Annotations

Branches:
Dungeon (10/15)            Temple (0/1) D:7             Orc (1/2) D:9
   Lair: D:8-11

Altars:
Fedhas
Okawaru

Shops:
D:3 =   D:5 *

Annotations:
D:9 Gastronok


Message History

You bludgeon the howler monkey!!
You kill the howler monkey!
Beogh accepts your kill.
No target in view!
A troll comes into view.
A troll is nearby!
Found a pitted long sword.
There is a stone staircase leading up here.
You climb upwards.
Level annotation: Gastronok
There is a stone staircase leading down here.
Found a staircase to the Orcish Mines.
There is a staircase to the Orcish Mines here.
You climb downwards.
Welcome to the Orcish Mines!
The ogre shouts!
The orc wizard shouts!
The orc shouts!
You hear a shout! x4
There is a staircase back to the Dungeon here.
The orc wizard casts a spell at you.
You are confused.
An orc priest comes into view. It is wielding a +0 club.
The orc priest looks braver for a moment.
There is a staircase back to the Dungeon here.
The ogre barely misses you.
In your confused state, you trip and fall back down the stairs.
The orc priest casts a cantrip, but nothing happens.
You can't go down here!
The ogre hits you with a +0 giant spiked club!!
The orc warrior hits you from afar with a +1 halberd of venom!
You are poisoned.
You climb upwards.
Welcome back to the Dungeon!
Level annotation: Gastronok You feel very sick.
There is a staircase to the Orcish Mines here.
Okay, then.
You bump into the rock wall.
You feel sick.
The ogre hits you with a +0 giant spiked club!
You feel less confused.
You feel sick.
You feel sick.
The ogre hits you with a +0 giant spiked club!!
You die...

### ##>#
#.O#
##@####.##
#.........
#.########
#.# #.#
#.# #.#
#.# #.#


You could see an ogre.

Vanquished Creatures
  A wyvern (D:8)
  A steam dragon (D:8)
  Edmund (D:4)
  2 orc warriors (D:6)
  3 water moccasins
  2 ice beasts
  A black bear (D:6)
  A centaur (D:5)
  A kobold brigand (D:8)
  2 bullfrogs
  2 scorpions
  3 wights (D:8)
  4 killer bees (D:9)
  7 howler monkeys
  3 hounds
  Crazy Yiuf (D:2)
  A gnoll bouda (D:4)
  A sleepcap (D:6)
  Terence (D:2)
  4 iguanas
  2 orc wizards
  3 gnolls (D:4)
  7 adders
  A white imp (D:8)
  An ufetubus (D:5)
  3 worms
  2 dart slugs
  25 orcs
  9 bats
  8 endoplasms
  3 giant cockroaches
  10 hobgoblins
  3 quokkas
  6 ball pythons
  3 frilled lizards
  9 goblins
  12 kobolds
  3 rats
152 creatures vanquished.

Notes
Turn   | Place    | Note
-------+----------+-------------------------------------------
     0 | D:1      | kingsuperguy the Hill Orc Fighter began the quest for the
                  | Orb.
     0 | D:1      | Reached XP level 1. HP: 19/19 MP: 1/1
   202 | D:1      | Reached XP level 2. HP: 24/27 MP: 2/2
   548 | D:1      | Reached XP level 3. HP: 33/33 MP: 3/3
   781 | D:2      | Found a runed translucent door.
   782 | D:2      | Noticed Crazy Yiuf
  1054 | D:2      | Noticed Terence
  1062 | D:2      | Killed Terence
  1063 | D:2      | Reached XP level 4. HP: 29/40 MP: 4/4
  1117 | D:2      | Found a blossoming altar of Fedhas.
  1460 | D:2      | Killed Crazy Yiuf
  1601 | D:3      | Reached XP level 5. HP: 47/47 MP: 5/5
  1706 | D:3      | Reached skill level 5 in Axes
  1841 | D:3      | Found Zotsox's Jewellery Shop.
  2168 | D:4      | Noticed Edmund
  2894 | D:4      | Reached XP level 6. HP: 53/53 MP: 6/6
  2900 | D:4      | Killed Edmund
  2908 | D:4      | Reached skill level 5 in Fighting
  2993 | D:4      | Found an iron altar of Okawaru.
  3578 | D:4      | Reached XP level 7. HP: 46/61 MP: 7/7
  3737 | D:5      | Entered Level 5 of the Dungeon
  3916 | D:5      | Reached skill level 1 in Maces & Flails
  3916 | D:5      | Reached skill level 1 in Dodging
  3936 | D:5      | Reached skill level 2 in Maces & Flails
  3998 | D:5      | Reached skill level 5 in Armour
  4084 | D:5      | Found Ezoceag's General Store.
  4357 | D:5      | Reached skill level 3 in Maces & Flails
  4526 | D:6      | Reached XP level 8. HP: 49/70 MP: 8/8
  4718 | D:6      | Reached skill level 4 in Maces & Flails
  4950 | D:6      | Became a worshipper of Beogh the Brigand
  4955 | D:6      | Reached skill level 5 in Maces & Flails
  5084 | D:6      | Reached skill level 6 in Maces & Flails
  5438 | D:7      | Found a staircase to the Ecumenical Temple.
  5568 | D:7      | Reached skill level 7 in Maces & Flails
  5568 | D:7      | Reached skill level 5 in Shields
  5568 | D:7      | Reached XP level 9. HP: 56/75 MP: 9/9
  6168 | D:8      | Reached skill level 8 in Maces & Flails
  6621 | D:9      | Noticed Gastronok
  6816 | D:9      | Reached skill level 9 in Maces & Flails
  7089 | D:10     | Entered Level 10 of the Dungeon
  7171 | D:10     | Noticed a troll
  7266 | D:9      | Found a staircase to the Orcish Mines.
  7277 | Orc:1    | Entered Level 1 of the Orcish Mines
  7286 | D:9      | Slain by an ogre

Illustrated notes

Levels and vault maps discovered:
D:1:      spicycebolla_green_bress_n_ham, layout_loops_cross,
          basic_ecumenical_altar, chequers_serial_rivers_room_a
D:2:      layout_basic, basic_altar, uniq_crazy_yiuf_cottage, uniq_terence
D:3:      layout_rooms, serial_shops, nicolae_shop_rolling_square,
          hex_intersection, chequers_decorated_corner, kennysheep_donut
D:4:      minmay_chambers_of_fours, layout_layer_cave, pf_just_have_faith,
          uniq_edmund
D:5:      layout_loops_ring, serial_shops, shop
D:6:      nicolae_cairo_tiling_very_big, layout_gridville
D:7:      layout_rooms, temple_pool_b
D:8:      layout_rooms
D:9:      layout_loops_ring, orc_0_dummy, uniq_gastronok
D:10:     layout_long_grid, nicolae_twisting_strands, kennysheep_generic_room_16
Orc:1:    layout_diamond_mine, serial_shops, nicolae_shop_tiny_real_fake_doors,
          elves_outpost_lemuel

Skill      XL: |  1  2  3  4  5  6  7  8  9 |
---------------+----------------------------+-----
Fighting       | 4 5 6 |  6.4
Axes           | 3 4 5 6 7 |  7.3
Armour         | 4 5 6 |  6.2
Shields        | 4 5 |  5.4
Maces & Flails | 3 7 9 |  9.5
Dodging        | 1 |  1.5
Stealth        | |  0.4
Evocations     | |  0.1

Action                     |  1- 3 |  4- 6 |  7- 9 || total
---------------------------+-------+-------+-------++-------
  Melee: War axe           |   104 |   102 |       ||   206
         Flail             |       |    20 |   224 ||   244
 Invoke: Convert to Beogh  |       |       |     1 ||     1
  Evoke: Wand              |       |     1 |       ||     1
    Use: Potion            |       |     2 |       ||     2
 Armour: Scale mail        |    52 |    62 |       ||   114
         Chain mail        |       |       |    57 ||    57
         Plate armour      |       |       |    89 ||    89
  Dodge: Dodged            |    43 |    41 |    82 ||   166
  Block: Buckler           |    20 |    25 |    67 ||   112
